[ AOE2 MATCH · #506668996 ]
UnrankedKhmer vs Mongols
Player's team · WIN
Rival team · LOSS
[ REPLAY ANALYSIS · EXTRACTED FROM THE RECORDED GAME ]
Feudal
8:53
Castle
—
Imperial
—
| APM avg | 43.9 |
| APM peak | 98 |
| eAPM avg | 17.4 |
| Villagers / military | 24 / 2 |
Focus
⚔️ 15.2% · 🌾 84.8%
Scout Cavalry ×2
Feudal
9:43
Castle
—
Imperial
—
| APM avg | 28.7 |
| APM peak | 50 |
| eAPM avg | 13.6 |
| Villagers / military | 28 / 0 |
Focus
⚔️ 40.7% · 🌾 59.3%
Match map
Initial resources + every placement click. Lines = walls · curves = elevation contours. ◆ gold · ⬟ stone · ● berries · ✦ relic · ◌ wall gap
Your base· ✓ Closed at 12:00 · 0t walls · fragile
Alvice Gritti's base· ✓ Closed at 12:00 · 29t walls · fragile
Smoothed initial terrain · ◌ = detected wall gap · hover for details
Inputs per minute
— [GdSur] Fedee - - Alvice Gritti
Build order — [GdSur] Fedee
42 actions detected in the replay
| 0:00 | Queue | Villager (Male) |
| 0:00 | Queue | Villager (Male) |
| 0:01 | Queue | Villager (Male) |
| 0:01 | Queue | Villager (Male) |
| 0:04 | Build | House |
| 0:05 | Build | House |
| 1:38 | Queue | Villager (Male) |
| 2:05 | Queue | Villager (Male) |
| 2:14 | Build | Lumber Camp |
| 2:26 | Queue | Villager (Male) |
| 2:44 | Queue | Villager (Male) |
| 2:57 | Queue | Villager (Male) |
| 4:03 | Queue | Villager (Male) |
| 4:03 | Queue | Villager (Male) |
| 4:04 | Queue | Villager (Male) |
| 4:46 | Queue | Villager (Male) |
| 4:58 | Build | House |
| 5:03 | Research | Loom |
| 5:04 | Queue | Villager (Male) |
| 5:46 | Queue | Villager (Male) |
| 6:08 | Queue | Villager (Male) |
| 6:36 | Research | Feudal Age |
| 7:40 | Build | House |
| 7:45 | Queue | Villager (Male) |
| 8:53 | Age | Feudal Age |
| 8:55 | Build | Stable |
| 9:03 | Build | Watch Tower |
| 9:14 | Build | Watch Tower |
| 9:19 | Queue | Villager (Male) |
| 9:22 | Research | Double-Bit Axe |
| 10:09 | Queue | Villager (Male) |
| 10:22 | Queue | Scout Cavalry |
| 10:53 | Queue | Villager (Male) |
| 11:02 | Build | Market |
| 11:08 | Queue | Scout Cavalry |
| 11:47 | Build | Watch Tower |
| 12:14 | Queue | Villager (Male) |
| 12:35 | Build | Farm |
| 14:15 | Queue | Villager (Male) |
| 14:16 | Queue | Villager (Male) |
| 15:45 | Build | Watch Tower |
| 15:58 | Queue | Villager (Male) |
Build order — Alvice Gritti
59 actions detected in the replay
| 0:02 | Queue | Villager (Male) |
| 0:09 | Build | House |
| 0:12 | Queue | Villager (Male) |
| 0:34 | Queue | Villager (Male) |
| 0:52 | Build | House |
| 0:53 | Build | House |
| 0:55 | Build | Palisade Wall |
| 1:03 | Queue | Villager (Male) |
| 1:07 | Research | Loom |
| 1:49 | Build | Palisade Wall |
| 2:05 | Build | Palisade Wall |
| 2:09 | Queue | Villager (Male) |
| 2:36 | Queue | Villager (Male) |
| 2:46 | Build | Palisade Wall |
| 2:52 | Build | Palisade Wall |
| 3:03 | Queue | Villager (Male) |
| 3:31 | Build | Palisade Wall |
| 3:51 | Queue | Villager (Male) |
| 4:11 | Queue | Villager (Male) |
| 4:35 | Queue | Villager (Male) |
| 4:50 | Queue | Villager (Male) |
| 5:11 | Build | Mill |
| 5:25 | Queue | Villager (Male) |
| 5:45 | Queue | Villager (Male) |
| 6:05 | Queue | Villager (Male) |
| 6:20 | Build | Lumber Camp |
| 6:39 | Queue | Villager (Male) |
| 7:33 | Research | Feudal Age |
| 8:11 | Build | Outpost |
| 8:26 | Build | House |
| 8:42 | Build | Outpost |
| 9:04 | Queue | Villager (Male) |
| 9:23 | Build | Mill |
| 9:43 | Age | Feudal Age |
| 9:47 | Build | Watch Tower |
| 9:51 | Research | Town Watch |
| 10:39 | Build | Stone Wall |
| 10:56 | Queue | Villager (Male) |
| 11:20 | Queue | Villager (Male) |
| 12:10 | Queue | Villager (Male) |
| 12:14 | Build | Mining Camp |
| 12:22 | Queue | Villager (Male) |
| 12:38 | Queue | Villager (Male) |
| 13:01 | Build | House |
| 13:12 | Queue | Villager (Male) |
| 13:27 | Build | Stone Wall |
| 13:34 | Build | Stone Wall |
| 13:50 | Queue | Villager (Male) |
| 14:09 | Build | Watch Tower |
| 14:28 | Build | Gate |
| 14:30 | Build | Stone Wall |
| 14:59 | Queue | Villager (Male) |
| 15:01 | Queue | Villager (Male) |
| 15:31 | Build | Mill |
| 15:38 | Queue | Villager (Male) |
| 15:57 | Build | Watch Tower |
| 16:18 | Queue | Villager (Male) |
| 16:26 | Queue | Villager (Male) |
| 16:51 | Build | Gate |
Match timeline
| 0:55 | Alvice Gritti · wall_segment Palisade Wall x1 |
| 1:49 | Alvice Gritti · wall_segment Palisade Wall x3 |
| 2:05 | Alvice Gritti · wall_segment Palisade Wall x3 |
| 2:46 | Alvice Gritti · wall_segment Palisade Wall x7 |
| 2:52 | Alvice Gritti · wall_segment Palisade Wall x5 |
| 3:31 | Alvice Gritti · wall_segment Palisade Wall x12 |
| 8:53 | [GdSur] Fedee · age_up feudal |
| 8:55 | [GdSur] Fedee · first_building Stable |
| 9:43 | Alvice Gritti · age_up feudal |
| 10:39 | Alvice Gritti · wall_segment Stone Wall x2 |
| 11:36 | [GdSur] Fedee · first_market_sell 100 wood |
| 11:38 | [GdSur] Fedee · first_market_buy 100 stone |
| 13:27 | Alvice Gritti · wall_segment Stone Wall x7 |
| 13:34 | Alvice Gritti · wall_segment Stone Wall x8 |
| 14:30 | Alvice Gritti · wall_segment Stone Wall x1 |
| 17:01 | Alvice Gritti · resign |
[ AI ANALYSIS · 1 CREDIT ]
What really happened in this match?
Wolo.gg analyzes every decision: build order, eco, micro, common mistakes by bracket. Personalized analysis on WhatsApp or Discord in 30 seconds.
Civ guide
Khmer
Perfil
Jugador #3455134